 Dungeon Crawl Stone Soup version 0.21-a0-200-gb89f83b (webtiles) character file.

1141 Lavandula the Chiller (level 8, 0/51 HPs)
             Began as a Ghoul Ice Elementalist on Aug 16, 2017.
             Was an Initiate of Hepliaklqana.
             Slain by an orc warrior
             ... wielding a +0 halberd
              (24 damage)
             ... on level 6 of the Dungeon.
             The game lasted 00:21:12 (3117 turns).

Lavandula the Chiller (Ghoul Ice Elementalist)      Turns: 3117, Time: 00:21:14

Health: 0/51       AC:  4    Str: 12    XL:     8   Next: 37%
Magic:  11/11      EV: 12    Int: 10    God:    Hepliaklqana [......]
Gold:   228        SH:  0    Dex: 11    Spells: 5/13 levels left

rFire    . . .     SeeInvis .     - Unarmed
rCold    + . .     Gourm    .   (no shield)
rNeg     + + +     Faith    .   l - +0 leather armour (curse)
rPois    ∞         Spirit   .   (no helmet)
rElec    .         Reflect  .   (no cloak)
rCorr    .         Harm     +   (no gloves)
MR       .....                  u - +0 pair of boots
Stlth    ++........             y - amulet of harm
HPRegen  0.00/turn              f - +1 ring of evasion
MPRegen  0.12/turn              B - +2 ring of slaying

@: rotting
A: rotting body, reduced essence, claws 1, carnivore 3, cold resistance 1,
negative energy resistance 3, inhibited regeneration, torment resistance,
unbreathing
a: Recall Ancestor, Ancestor Identity, Renounce Religion


You were on level 6 of the Dungeon.
You worshipped Hepliaklqana.
Hepliaklqana was noncommittal.
You were not hungry.

You visited 2 branches of the dungeon, and saw 7 of its levels.

You collected 228 gold pieces.

Inventory:

Missiles
 i - 28 poisoned needles
Armour
 a - a +0 robe
 g - a +0 ring mail
 l - a cursed +0 leather armour (worn)
 u - a +0 pair of boots (worn)
 v - a +0 chain mail
Magical Staves
 p - an uncursed staff of wizardry
Jewellery
 f - a +1 ring of evasion (left claw)
 t - an uncursed ring of protection from fire
 y - an amulet of harm (around neck)
 B - a +2 ring of slaying (right claw)
Wands
 e - a wand of iceblast (0/15)
 r - a wand of flame (34/48)
 A - a wand of acid (9/15)
Scrolls
 h - a scroll of enchant weapon {unknown}
 n - a scroll of teleportation {unknown}
 o - 2 scrolls of fog {unknown}
 q - 3 scrolls of remove curse
 w - a scroll of blinking {unknown}
Potions
 d - a potion of mutation
 k - a potion of curing
 m - 5 potions of brilliance {unknown}
 s - a potion of agility {unknown}
 z - a potion of might {unknown}
Books
 b - a book of Frost

   Spells                             Type                      Level
   a - Freeze                         Ice                          1
   b - Throw Frost                    Conjuration/Ice              2
   c - Ozocubu's Armour               Charms/Ice                   3
   d - Throw Icicle                   Conjuration/Ice              4
   e - Summon Ice Beast               Ice/Summoning                4
Comestibles
 c - 4 meat rations
 j - a royal jelly


   Skills:
 - Level 1.7 Dodging
 - Level 2.1 Stealth
 - Level 5.6 Unarmed Combat
 - Level 3.0 Spellcasting
   Level 0.7 Conjurations
 - Level 4.6 Summonings
 + Level 6.6 Ice Magic


You had 5 spell levels left.
You knew the following spells:

 Your Spells              Type           Power        Failure   Level  Hunger
a - Freeze                Ice            ##..         2%          1    #......
b - Ozocubu's Armour      Chrm/Ice       #.......     28%         3    ###....
c - Summon Ice Beast      Ice/Summ       ##......     34%         4    #####..


Dungeon Overview and Level Annotations

Branches:
Dungeon (6/15)             Temple (1/1) D:6

Altars:
Ashenzari
Dithmenos
Fedhas
Hepliaklqana
Kikubaaqudgha
Makhleb
Trog
Uskayaw
Vehumet
Wu Jian
Xom
Yredelemnul
Zin

Annotations:
D:4 Memingway's ghost, novice TrFi
D:5 exclusion: 2 killer bees


Innate Abilities, Weirdness & Mutations

Your body is rotting away.
You thrive on raw meat.
You are immune to poison.
You have sharp fingernails.
You are carnivorous and can eat meat at any time.
Your flesh is cold resistant. (rC+)
You are immune to negative energy. (rN+++)
You do not regenerate when monsters are visible.
You are immune to unholy pain and torment.
You can survive without breathing.
Your life essence is reduced to manifest your ancestor. (-10% HP)


Message History

The orc wizard gestures at you while chanting.
The magic dart hits you! The orc barely misses you.
Leofric barely misses the orc wizard.
Leofric hits the orc warrior but does no damage.
You closely miss the orc. The orc hits you but does no damage.
The orc hits Leofric with a hand axe.
Leofric hits the orc warrior but does no damage.
Leofric hits the orc.
The orc hits Leofric with a hand axe.
You closely miss the orc warrior.
Leofric closely misses the orc.
The orc warrior hits you with a halberd!
The orc wizard hits you but does no damage.
You are too injured to fight recklessly!
You are too injured to fight recklessly!
You claw the orc warrior!
The orc warrior is moderately wounded.
The orc misses Leofric.
Leofric barely misses the orc.
The orc wizard gestures at you while chanting.
You resist with some effort.
The orc warrior hits you with a halberd!!
You die...

# #.# .... # #.# ....) #
#.# ..... # #.#...... ###
#.#...... #.' #o#...... #.#
.########oo...... ..+
........@oo...... #.#
#########R#############.#
########.#...........#.#
####........#.............'
#...........###########..##
#...........# #..#<
#.).........# #..##
#...........#+#### #....
#.....##.........## ##.##


You could see the friendly Leofric the ancestor, an orc warrior, an orc wizard
and 3 orcs.

Vanquished Creatures
  An ice beast (D:6)
  An orc warrior (D:6)
  2 ogres
  A centaur (D:4)
  4 scorpions
  3 hounds
  A bullfrog skeleton (D:5)
  An iguana (D:4)
  3 worker ants
  2 orc wizards
  4 adders
  3 worms
  3 leopard geckos
  11 orcs
  A ball python (D:4)
  3 bats (D:2)
  4 giant cockroaches
  3 goblins
  2 hobgoblins (D:3)
  9 jackals
  3 quokkas
  A frilled lizard (D:4)
  A jackal skeleton (D:5)
  4 kobolds
  2 quokka skeletons (D:4)
  3 rats
76 creatures vanquished.

Vanquished Creatures (collateral kills)
  A black bear (D:6)
  A phantom (D:5)
  A crimson imp (D:5)
  An orc (D:6)
4 creatures vanquished.

Grand Total: 80 creatures vanquished

Notes
Turn   | Place    | Note
-------+----------+-------------------------------------------
     0 | D:1      | Lavandula the Ghoul Ice Elementalist began the quest for the Orb.
     0 | D:1      | Reached XP level 1. HP: 14/14 MP: 2/2
   150 | D:2      | Reached skill level 1 in Unarmed Combat
   231 | D:2      | Reached XP level 2. HP: 16/20 MP: 1/3
   489 | D:3      | Reached XP level 3. HP: 17/26 MP: 1/4
   517 | D:3      | Learned a level 3 spell: Ozocubu's Armour
   642 | D:3      | Found a burning altar of Makhleb.
   654 | D:4      | Noticed a scorpion
   654 | D:4      | Noticed a scorpion
   663 | D:3      | Killed a scorpion
   663 | D:3      | Reached XP level 4. HP: 17/33 MP: 1/5
   752 | D:4      | Noticed Memingway's ghost (novice TrFi)
   756 | D:4      | Noticed an ogre
   942 | D:3      | Reached skill level 5 in Unarmed Combat
   942 | D:3      | Reached XP level 5. HP: 9/38 MP: 0/6
  1095 | D:4      | Killed an ogre
  1095 | D:4      | Reached XP level 6. HP: 24/45 MP: 3/9
  1157 | D:4      | Found a blossoming altar of Fedhas.
  1173 | D:4      | Learned a level 4 spell: Summon Ice Beast
  1247 | D:5      | Entered Level 5 of the Dungeon
  1302 | D:4      | Reached skill level 1 in Summonings
  1506 | D:5      | Found a radiant altar of Vehumet.
  1821 | D:4      | Reached XP level 7. HP: 32/50 MP: 5/10
  2338 | D:5      | Reached skill level 4 in Ice Magic
  2400 | D:5      | Reached XP level 8. HP: 41/56 MP: 2/11
  2451 | D:5      | Reached skill level 5 in Ice Magic
  2649 | D:5      | Reached skill level 6 in Ice Magic
  2768 | D:6      | Found a staircase to the Ecumenical Temple.
  2777 | Temple   | Entered the Ecumenical Temple
  2813 | Temple   | Became a worshipper of Hepliaklqana the Forgotten
  3117 | D:6      | Slain by an orc warrior

Vault maps used:
D:1:      lightli_arrival_statue_moat
D:2:      okawaru_trees_2
D:3:      bloody_makhleb, nicolae_ru_the_path_less_chosen, first_bread,
          minmay_misc_feat_nine_boxes
D:4:      kennysheep_mini, eino_small_chamber_without_monster
D:5:      vehumet_altar_wand_db
D:6:      temple_hall
Temple:   nicolae_temple_elliptical

Skill      XL: |  1  2  3  4  5  6  7  8 |
---------------+-------------------------+-----
Unarmed Combat | 1 2 4 5 |  5.6
Spellcasting   | 2 3 |  3.0
Summonings     | 3 4 |  4.6
Ice Magic      | 4 6 |  6.6
Dodging        | |  1.7
Stealth        | |  2.1
Conjurations   | |  0.7

Action                   |  1- 3 |  4- 6 |  7- 9 || total
-------------------------+-------+-------+-------++-------
Melee: Unarmed           |    73 |   115 |   117 ||   305
       Staff             |     1 |       |       ||     1
       Punch             |       |     2 |     1 ||     3
 Cast: Freeze            |    28 |    19 |     1 ||    48
       Ozocubu's Armour  |       |     3 |     7 ||    10
       Summon Ice Beast  |       |       |     8 ||     8
Evoke: Wand              |     1 |     3 |     1 ||     5
  Use: Scroll            |     1 |     6 |       ||     7
 Stab: Sleeping          |     2 |     1 |       ||     3
  Eat: Chunk             |    10 |    22 |    15 ||    47
Armor: Robe              |    22 |    13 |    17 ||    52
       Leather armour    |       |       |    11 ||    11
Dodge: Dodged            |    66 |    74 |    75 ||   215
